Map: King's Cove LE

Players

WeAreLegion

  • Race: Terran Terran
  • League: Silver
  • Spawn Location: 11:00

Annabelle - Winner!

  • Race: Protoss Protoss
  • League: Silver
  • Spawn Location: 5:00

VOD

Have the link to the VOD?

Description

Time

  • Played on: Dec. 8, 2024, 12:39 a.m.
  • Length: 18:33
Show
View Real Time Build Order
Export as new Build Order

WeAreLegion Terran 

Build Orders: Reaper Expand 

Get SALT Encoding   

  12  0:00  SCV  
  13  0:13  SCV  
  14  0:18  Supply Depot  
  14  0:25  SCV  
  15  0:40  SCV  
  16  0:43  Barracks  
  16  0:47  Refinery  
  16  0:52  SCV  
  17  1:04  SCV  
  18  1:16  SCV  
  19  1:30  Orbital Command  
  19  1:31  Reaper  
  20  1:51  Command Center  
  20  1:58  SCV  
  20  1:59  Supply Depot  
  21  2:08  Factory  
  21  2:12  Marine  
  23  2:15  SCV  
  23  2:27  SCV  
  24  2:32  Refinery  
  24  2:34  Barracks Reactor  
  24  2:39  SCV  
  25  2:52  SCV  
  25  2:55  Widow Mine  
  28  3:07  Starport  
  28  3:09  SCV  
  28  3:11  Orbital Command  
  29  3:14  Marine x2  
  29  3:17  Widow Mine  
  33  3:21  SCV  
  34  3:40  Barracks  
  34  3:45  Factory Tech Lab  
  34  3:48  Barracks  
  32  4:05  SCV x2  
  32  4:07  Marine x2  
  32  4:08  Siege Tank  
  32  4:09  Medivac  
  41  4:16  Barracks  
  41  4:18  SCV  
  42  4:25  Marine  
  42  4:26  SCV  
  42  4:30  SCV  
  45  4:32  Refinery  
  45  4:41  SCV  
  46  4:53  SCV x2  
  46  4:57  Supply Depot x2  
  48  5:06  SCV  
  49  5:13  Starport Tech Lab, Factory Reactor  
  49  5:15  Barracks Tech Lab  
  49  5:17  SCV  
  49  5:18  SCV  
  49  5:19  Marine x3  
  49  5:20  Supply Depot  
  54  5:22  Supply Depot  
  54  5:27  Refinery  
  54  5:29  SCV  
  55  5:36  Marine  
  55  5:37  Marine, Marauder  
  59  5:58  SCV  
  59  5:59  SCV, Marauder  
  59  6:02  Marine x2  
  59  6:03  Marine  
  68  6:04  Widow Mine x2  
  68  6:07  Raven  
  68  6:10  SCV  
  68  6:11  SCV  
  74  6:20  Marine x2, Marauder  
  77  6:53  Command Center  
  77  7:08  Barracks  
  77  7:11  Engineering Bay, Armory  
  77  7:19  Supply Depot x2  
  77  7:20  SCV x2, Barracks Reactor  
  79  7:29  Marine x4  
  82  7:31  Widow Mine  
  82  7:32  SCV  
  86  7:40  SCV  
  86  7:41  Widow Mine  
  86  7:42  Supply Depot  
  89  7:44  Supply Depot  
  89  7:46  Starport Reactor  
  89  7:47  Marine x3  
  89  7:48  Marauder  
  94  7:53  Widow Mine  
  96  8:02  Widow Mine  
  96  8:05  Marine x2, Marauder  
  102  8:09  Marauder  
  104  8:14  Widow Mine  
  104  8:19  Marine  
  98  8:20  Marine  
  98  8:22  Marine  
  98  8:23  Marine, Widow Mine  
  104  8:27  Marauder  
  104  8:30  Marine, Medivac x2  
  104  8:31  SCV x2  
  111  8:35  Widow Mine  
  111  8:37  Marine x2  
  111  8:40  Marine x2  
  117  8:45  Widow Mine  
  123  8:48  Marauder x2  
  123  8:55  Marine x2  
  124  8:57  Widow Mine  
  124  8:58  Marine x2  
  124  9:00  Medivac  
  131  9:06  Widow Mine  
  133  9:17  Marine x2  
  133  9:18  Marauder  
  133  9:19  Supply Depot  
  133  9:21  Supply Depot, Marine x3  
  133  9:23  Terran Infantry Weapons Level 1  
  133  9:24  Combat Shield, Stimpack  
  140  9:35  Marine  
  140  9:36  Marauder  
  143  9:39  Marauder  
  143  9:42  Supply Depot  
  143  9:45  Supply Depot  
  145  9:48  SCV x2  
  148  9:53  Orbital Command  
  148  9:57  Marauder  
  149  10:00  SCV x2  
  151  10:10  Terran Vehicle Weapons Level 1  
  151  10:11  Refinery x2  
  151  10:12  SCV x2  
  151  10:13  Command Center  
  153  10:19  Engineering Bay  
  153  10:20  Command Center  
  153  10:21  SCV  
  153  10:23  Marine x6  
  153  10:24  SCV x2  
  153  10:25  Widow Mine  
  164  10:34  SCV  
  165  10:36  SCV x2  
  165  10:40  Barracks  
  165  10:42  Marauder x2  
  170  10:46  SCV  
  170  10:48  SCV x2  
  148  10:58  SCV  
  148  11:00  SCV  
  148  11:03  Marauder x2  
  149  11:09  Marine x4  
  136  11:11  Widow Mine x2  
  126  11:23  Supply Depot  
  126  11:24  Marine x2  
  128  11:26  Supply Depot  
  128  11:27  Marine x2  
  128  11:28  SCV x2  
  128  11:29  SCV  
  137  11:33  Widow Mine x2  
  137  11:39  Planetary Fortress  
  137  11:40  SCV  
  137  11:41  SCV x2  
  137  11:42  Marauder x2  
  137  11:45  Supply Depot  
  144  11:53  SCV x3  
  151  11:54  Widow Mine x2  
  151  11:57  Barracks Reactor  
  151  12:04  Marauder x2  
  151  12:05  SCV  
  158  12:15  Widow Mine  
  158  12:23  SCV  
  158  12:24  SCV x3  
  158  12:25  Marauder  
  164  12:30  Orbital Command  
  164  12:37  Viking  
  164  12:38  Viking  
  168  12:44  Starport  
  168  12:54  Marine x4, Factory, Starport  
  168  12:55  Marine x3, Marauder  
  177  13:07  Viking  
  177  13:08  Viking  
  177  13:10  Factory Tech Lab  
  181  13:13  Marauder  
  181  13:17  Marauder  
  185  13:34  Marauder  
  185  13:38  Marauder  
  185  13:40  Viking x2  
  185  13:41  Viking  
  197  13:43  Starport Tech Lab  
  195  13:56  Marauder  
  195  14:00  Marauder  
  199  14:15  Marine  
  200  14:22  Factory Tech Lab  
  200  14:26  Starport Reactor  
  183  15:01  Marine  
  183  15:02  Viking  
  183  15:03  Viking x4  
  178  15:23  Siege Tank  
  178  15:24  Siege Tank  
  178  15:26  Marine x5  
  178  15:27  Marauder x2  
  189  15:32  Viking x2  
  189  15:33  Viking  
  195  15:40  Marine  
  194  15:44  Marine x4  
  194  15:49  Marauder  
  200  15:56  Siege Tank x2  
  180  16:10  Marauder  
  120  16:28  Siege Tank  
  120  16:31  Marauder  
  83  17:15  Command Center  
  67  17:22  Command Center  
  52  17:23  Marine x3  
  52  17:24  Marine x2  
  52  17:25  Marauder x2  
  43  17:37  Barracks x2  
  43  17:41  Marine x3, Factory x2  
  43  17:42  Marine  
  45  17:44  Starport  
  45  17:45  Starport  
  45  17:46  Marauder x2  
  32  17:55  Starport Tech Lab  
  19  18:07  Marauder x2  
Show
View Real Time Build Order
Export as new Build Order

Annabelle Protoss - Winner!

Build Orders: 1 Gate Expand 

Get SALT Encoding   

  12  0:00  Probe  
  13  0:13  Probe  
  14  0:20  Pylon  
  14  0:25  Probe  
  15  0:36  Probe  
  15  0:42  Gateway  
  16  0:45  Probe  
  17  0:50  Assimilator  
  17  0:53  Probe  
  18  1:00  Assimilator  
  18  1:04  Probe  
  19  1:18  Probe  
  20  1:31  Nexus  
  20  1:41  Cybernetics Core  
  20  1:44  Zealot  
  20  1:45  Probe  
  23  2:04  Pylon  
  23  2:17  Zealot  
  23  2:19  Pylon  
  23  2:22  Probe  
  24  2:28  Warp Gate  
  26  2:31  Robotics Facility  
  26  2:40  Probe  
  27  2:45  Probe  
  27  2:48  Probe  
  28  2:51  Stalker  
  28  2:57  Probe x2  
  33  3:08  Twilight Council  
  33  3:09  Probe x2  
  35  3:21  Probe x2  
  35  3:27  Gateway  
  37  3:31  Gateway  
  37  3:37  Pylon  
  35  3:49  Charge  
  35  4:01  Probe, Immortal  
  39  4:04  Probe  
  39  4:09  Probe  
  39  4:14  Assimilator  
  39  4:16  Probe  
  41  4:18  Probe  
  41  4:23  Assimilator  
  42  4:24  Templar Archives  
  42  4:28  Probe  
  42  4:30  Probe  
  44  4:33  Stalker  
  44  4:34  Stalker  
  48  4:41  Probe  
  48  4:43  Probe  
  50  4:47  Observer  
  51  5:03  Probe x2  
  51  5:05  Pylon  
  53  5:09  Pylon  
  53  5:20  Observer  
  54  5:22  Probe  
  54  5:23  Probe  
  56  5:33  Blink  
  56  5:49  Probe x2  
  58  5:50  Psionic Storm  
  58  5:54  Immortal  
  62  6:01  Probe x2  
  64  6:10  Nexus  
  64  6:13  Pylon  
  64  6:15  Pylon  
  64  6:19  Pylon  
  64  6:56  Observer  
  64  7:41  Gateway  
  64  7:49  Gateway  
  64  7:51  Gateway  
  64  8:03  Stalker x3  
  67  8:25  Probe  
  67  8:26  Probe x2  
  70  8:36  Robotics Facility, Pylon  
  70  8:37  Probe  
  70  8:38  Robotics Bay, Probe x2  
  73  8:48  Sentry x2  
  77  8:49  Stalker  
  77  8:50  Probe x3  
  82  9:02  Probe x3  
  85  9:04  Pylon  
  85  9:11  Gateway  
  85  9:14  Gateway, Probe x3  
  85  9:15  Gateway  
  88  9:22  Gateway  
  88  9:24  Gateway  
  88  9:26  Probe x3  
  88  9:30  Gateway  
  91  9:31  Gateway  
  91  9:36  Forge  
  91  9:37  Forge  
  91  9:41  Assimilator  
  91  9:43  Assimilator  
  91  9:44  High Templar x2  
  91  9:45  High Templar x3  
  101  9:54  Gateway  
  91  10:50  Protoss Ground Weapons Level 1  
  91  10:56  Zealot x3  
  91  10:57  Zealot x3  
  91  10:59  Zealot  
  91  11:00  Zealot x3  
  85  11:23  High Templar  
  85  11:24  High Templar x5  
  97  11:25  Zealot x2  
  97  11:26  Zealot x2  
  105  11:35  Probe x3  
  108  11:47  Probe x3  
  108  11:51  Colossus  
  108  11:52  Pylon, Colossus  
  111  11:54  Extended Thermal Lance  
  111  11:57  Nexus  
  111  11:58  Pylon  
  111  11:59  Probe x2  
  122  12:16  Zealot  
  122  12:17  Zealot x4  
  122  12:18  Zealot x4  
  140  12:52  Nexus  
  140  12:53  Pylon  
  140  13:01  Colossus  
  144  13:14  Pylon  
  144  13:15  Pylon  
  144  13:16  Pylon  
  144  13:17  Pylon  
  144  13:24  Colossus  
  144  13:26  Photon Cannon  
  144  13:27  Photon Cannon  
  144  13:29  Photon Cannon  
  144  13:30  Photon Cannon  
  150  13:35  Protoss Ground Weapons Level 2  
  150  13:36  Pylon  
  150  13:37  Pylon  
  150  13:52  Zealot x4, Observer  
  150  13:53  Zealot x4  
  150  13:54  Zealot x2  
  171  14:00  Forge  
  171  14:11  Probe x2  
  171  14:12  Probe x2  
  171  14:15  Observer  
  175  14:23  Probe x2  
  175  14:24  Probe  
  173  14:35  Photon Cannon  
  173  14:37  Photon Cannon  
  167  14:39  Photon Cannon  
  167  14:42  Photon Cannon  
  167  14:44  Pylon  
  159  14:47  Pylon  
  159  14:52  Pylon  
  159  14:54  Pylon  
  159  14:58  Protoss Ground Armor Level 1  
  159  15:01  Stalker x2  
  159  15:02  Stalker x6  
  159  15:03  Stalker x2  
  169  15:38  Assimilator  
  169  15:41  Assimilator  
  169  15:55  Nexus  
  163  15:57  Pylon  
  163  15:58  Pylon  
  129  17:12  Stalker x5  
  129  17:13  Stalker x5  
  126  18:27  Zealot x4  
Tags
 
Add a new tag
Caveats
  • Supply blocks, unpowered buildings, or Contaminate may cause inaccurate times.
  • Supply counts are checked every 10 seconds.